 Dungeon Crawl Stone Soup version 0.18-a0-1211-g828307d (webtiles) character file.

44 Duffy the Magician (level 3, -1/19 HPs)
             Began as a Deep Elf Wizard on Feb 2, 2016.
             Slain by an orc
             ... wielding a +0 dagger
              (2 damage)
             ... on level 3 of the Dungeon.
             The game lasted 00:01:29 (880 turns).

Duffy the Magician (Deep Elf Wizard)                 Turns: 880, Time: 00:01:29

Health: -1/19      AC:  2    Str:  4    XL:     3   Next: 41%
Magic:  7/10       EV: 12    Int: 23    God:
Gold:   71         SH:  0    Dex: 13    Spells: 1 memorised, 9 levels left

rFire  . . .     SeeInvis .     h - +1 dagger (venom)
rCold  . . .     Gourm    .     a - +0 robe
rNeg   . . .     Faith    .     (no shield)
rPois  .         Spirit   .     b - +0 hat
rElec  .         Dismiss  .     (no cloak)
rCorr  .         Reflect  .     (no gloves)
SustAt .         Harm     .     (no boots)
MR     .....                    (no amulet)
Stlth  ++........               (no ring)
                                (no ring)

@: very slightly contaminated, not resistant to hostile enchantments, unstealthy
A: no striking features
a: no special abilities


You were on level 3 of the Dungeon.
You were not hungry.

You visited 1 branch of the dungeon, and saw 3 of its levels.

You collected 71 gold pieces.


   Skills:
 - Level 2.4 Dodging
 - Level 2.4 Stealth
 - Level 4.4 Spellcasting
 + Level 3.7 Conjurations
   Level 1.1 Summonings
   Level 1.1 Translocations


You had 9 spell levels left.
You knew the following spells:

 Your Spells              Type           Power        Failure   Level  Hunger
a - Magic Dart            Conj           ###.         2%          1    None

Inventory:

Hand Weapons
 h - a +1 dagger of venom (weapon)
Armour
 a - a +0 robe (worn)
 b - a +0 hat (worn)
Scrolls
 e - 4 scrolls of identify {unknown}
 f - 2 scrolls of magic mapping {unknown}
Potions
 g - a potion of brilliance {unknown}
 i - a potion of heal wounds {unknown}
Books
 c - a book of Minor Magic
Comestibles
 d - a bread ration

Dungeon Overview and Level Annotations

Branches:
Dungeon (3/15)

Altars:


Message History

You miscast Magic Dart.
You are very lightly contaminated with residual magic.
Your skin tingles.
The orc hits you but does no damage.
Cast which spell? (? or * to list)
Aiming: Magic Dart
Press: ? - help, Shift-Dir - straight line, f/p - orc
Aim: an orc, wielding a short sword of protection The magic dart hits the orc.
The orc is heavily wounded.
The orc hits you with a short sword of protection.
Cast which spell? (? or * to list)
Aiming: Magic Dart
Press: ? - help, Shift-Dir - straight line, f/p - orc
Aim: an orc, wielding a short sword of protection (heavily wounded)
The magic dart hits the orc.
The orc is heavily wounded.
The orc hits you with a short sword of protection.
You completely miss the orc.
The orc is heavily wounded.
The orc barely misses you.
You barely miss the orc.
The orc is heavily wounded.
The orc hits you with a short sword of protection.
You barely miss the orc.
The orc is heavily wounded.
The orc hits you with a short sword of protection.
You hit the orc but do no damage.
The orc is poisoned.
The orc is heavily wounded.
You kill the orc!
Cast which spell? (? or * to list)
Aiming: Magic Dart
Press: ? - help, Shift-Dir - straight line, f - orc
Aim: an orc, wielding a dagger and wearing a leather armour The magic dart hits the orc.
The orc hits you with a dagger.
You die...

#...... #......
#...... #.#
#...... # #.#
#######
#>#########.#
#..%.#..>##.#
#o##..##.#
#@##.....#
#......#.##
####.#....###
######.###....###
#### #....#.#
#.#....# ..#
#......###.##...#
#.#
#....#..##.##...#
#.###<#
#...#.##...#### #
#.....#
#.[.#.##%####..


You could see an orc.

Action                   || total
-------------------------++-------
Melee: Dagger            ||     7
 Cast: Magic Dart        ||    38

Notes
Turn   | Place    | Note
--------------------------------------------------------------
     0 | D:1      | Duffy the Deep Elf Wizard began the quest for the Orb.
     0 | D:1      | Reached XP level 1. HP: 10/10 MP: 7/7
   261 | D:2      | Reached skill level 2 in Conjurations
   261 | D:2      | Reached XP level 2. HP: 15/15 MP: 3/9
   449 | D:3      | Reached skill level 3 in Conjurations
   517 | D:3      | Reached XP level 3. HP: 12/19 MP: 2/10
   880 | D:3      | Slain by an orc

Vault maps used:
D:1:      dpeg_arrival_rhombi
D:2:      first_bread, uniq_iyjb
D:3:      portal_sewer_entry_b, serial_bayou_pond_b, makhleb_blood_cavern_becter

Vanquished Creatures
  3 adders
  A giant gecko
  An orc
  2 bats
  3 goblins
  A hobgoblin
  A quokka
  A giant newt
  4 rats
17 creatures vanquished.
